 Dungeon Crawl Stone Soup version 0.25-a0-1133-g93ebf739aa (webtiles) character file.

Game seed: 14093206488123765772, levelgen mode: classic

382 Amnesiac the Shooter (level 6, -6/55 HPs)
             Began as a Deep Elf Arcane Marksman on May 20, 2020.
             Mangled by Menkaure (9 damage)
             ... on level 6 of the Dungeon.
             The game lasted 00:10:14 (4136 turns).

Amnesiac the Shooter (Deep Elf Arcane Marksman)     Turns: 4136, Time: 00:10:15

Health: -6/55      AC: 23    Str:  8 (9)  XL:     6   Next: 47%
Magic:  6/10       EV:  2    Int: 16 (18) God:
Gold:   258        SH:  0    Dex: 13 (15) Spells: 5/8 levels left

rFire    . . .     SeeInvis +   b - +0 war axe
rCold    + . .     Gourm    .   (no shield)
rNeg     + + +     Faith    .   (armour currently unavailable)
rPois    +         Spirit   .   (helmet currently unavailable)
rElec    .         Reflect  .   (cloak currently unavailable)
rCorr    .         Harm     .   (gloves currently unavailable)
MR       .....     NoTele   +   (boots currently unavailable)
Stlth    +.........             (no amulet)
HPRegen  0.18/turn              A - ring of protection from cold
MPRegen  0.12/turn              p - ring of see invisible

@: tree-form
A: no striking features
a: no special abilities


You were on level 6 of the Dungeon.
You were not hungry.
You were a tree.
You visited 2 branches of the dungeon, and saw 7 of its levels.

You collected 258 gold pieces.

Inventory:

Hand Weapons
 a - a +0 shortbow
 b - a +0 war axe (weapon)
Missiles
 c - 47 sling bullets
 g - 172 stones
 s - 12 poisoned darts
 u - 8 curare-tipped darts (quivered)
Armour
 e - a +0 robe
 i - a +0 cloak (melded)
 l - a +0 pair of boots (melded)
 m - a +0 helmet (melded)
 B - a +1 leather armour of fire resistance (melded)
Jewellery
 d - an uncursed ring of positive energy
 h - an uncursed ring of protection from cold
 p - a ring of see invisible (right branch)
 y - an uncursed ring of wizardry
 A - a ring of protection from cold (left branch)
Wands
 C - a wand of clouds (5)
Scrolls
 o - 2 scrolls of enchant armour {!r, unknown}
 q - a scroll of enchant weapon {!r, unknown}
 t - a scroll of identify {!r, unknown}
Comestibles
 f - 6 rations


   Skills:
 + Level 3.0 Fighting
 * Level 6.1 Bows
 - Level 2.4 Dodging
 - Level 1.5 Spellcasting
 - Level 4.0 Hexes
 + Level 1.8 Evocations


You had 5 spell levels left.
You knew the following spells:

 Your Spells              Type           Power        Failure   Level  Hunger
a - Corona                Hex            ##.....      4%          1    ##.....
e - Slow                  Hex            ##......     6%          2    ###....

Your spell library contained the following spells:

 Spells                   Type           Power        Failure   Level  Hunger
 Inner Flame              Hex/Fire       #.......     28%         3    ####...
 Portal Projectile        Hex/Tloc       #.....       28%         3    ####...
 Cause Fear               Hex            ##........   38%         4    #####..
 Leda's Liquefaction      Hex/Erth       #.........   67%         4    #####..


Dungeon Overview and Level Annotations

Branches:
Dungeon (6/15)             Temple (1/1) D:4

Altars:
Ashenzari
Dithmenos
Elyvilon
Fedhas
Gozag
Kikubaaqudgha
Nemelex Xobeh
Qazlal
Ru
Sif Muna
Trog
Uskayaw
Wu Jian
Xom
Yredelemnul
Zin
The Shining One

Annotations:
D:3 Sigmund
D:4 exclusion: upstairs, Grinder
D:6 Menkaure


Message History

Menkaure, Prince of Dust comes into view.
Menkaure shouts!
A bullfrog comes into view.
Menkaure hits you!
* * * LOW HITPOINT WARNING * * *
Unknown command.
Evoke which item? (* to show all) (? for menu, Esc to quit)
Okay, then.
There is an open door here.
There is a bloodstained altar of Trog here.
You close the door.
Menkaure opens the door.
You close the door.
Okay, then.
Really quaff
k - a potion of lignification {!q}?
Really quaff the potion of lignification?
You turn into a tree.
You feel less resistant to fire.
Your roots penetrate the ground.
Menkaure opens the door.
You swing at nothing.
Menkaure gestures wildly while chanting.
Menkaure seems to speed up.
You hit Menkaure.
Menkaure is lightly damaged.
Menkaure shrieks, "Why can't you leave me to my rest?"
Menkaure hits you but does no damage.
Casting: Corona (safe; 4% risk of failure)
Confirm with . or Enter, or press ? or * to list all spells.
Aiming: Slow (safe; 6% risk of failure)
Press: ? - help, Shift-Dir - straight line, f - Menkaure
Aim: Menkaure (lightly damaged, fast, chance to defeat MR: 50%) Menkaure resists with significant effort.
Menkaure hits you but does no damage. x2
Casting: Slow (safe; 6% risk of failure)
Confirm with . or Enter, or press ? or * to list all spells.
Aiming: Slow (safe; 6% risk of failure)
Press: ? - help, Shift-Dir - straight line, f/p - Menkaure
Aim: Menkaure (fast, chance to defeat MR: 50%) Menkaure seems to slow down.
You barely miss Menkaure. Menkaure hits you!
* * * LOW HITPOINT WARNING * * *
Menkaure hits you.
* * * LOW HITPOINT WARNING * * *
Casting: Slow (safe; 6% risk of failure)
Confirm with . or Enter, or press ? or * to list all spells.
Aiming: Corona (safe; 4% risk of failure)
Press: ? - help, Shift-Dir - straight line, f/p - Menkaure
Aim: Menkaure (fast, slow, chance to defeat MR: 50%) Menkaure struggles to resist.
Okay, then.
Really quaff
n - 2 potions of curing {!q}?
You feel better. Menkaure hits you!
* * * LOW HITPOINT WARNING * * *
Really quaff
n - a potion of curing {!q}?
You feel better. Menkaure completely misses you.
You slash Menkaure!
Menkaure is heavily damaged.
Menkaure hits you but does no damage.
You hit Menkaure.
Menkaure is heavily damaged.
Menkaure hits you!
* * * LOW HITPOINT WARNING * * *
You slash Menkaure!
Menkaure is almost destroyed.
Menkaure completely misses you. Menkaure hits you!
You die...

#......................#
#......................
#.............(.).(....
#..s.......(......((...
.#......[........<.(..
#..................(.
#.(..................
.......#+#...............
###....+♣+......!........
##...#M#.##(...........
#..##s#.####...$......
... #...## ##.s.#.....
.... ####.# #.... #.# ...
####. #.


You could see Menkaure (fast, slow) and a scorpion.

Vanquished Creatures
  A sky beast (D:6)
  A centaur (D:6)
  A crimson imp (D:6)
  An orc wizard (D:3)
  A bullfrog skeleton (D:4)
  A worker ant (D:4)
  5 adders
  An ooze (D:4)
  A dart slug (D:4)
  A leopard gecko (D:1)
  3 orcs (D:3)
  A ball python (D:3)
  6 bats
  2 giant cockroaches
  4 goblins
  5 hobgoblins
  3 jackals (D:4)
  3 kobolds
  2 quokkas (D:2)
  3 frilled lizards
  8 rats
54 creatures vanquished.

Notes
Turn   | Place    | Note
-------+----------+-------------------------------------------
     0 | D:1      | Amnesiac the Deep Elf Arcane Marksman began the quest for
                  | the Orb.
     0 | D:1      | Reached XP level 1. HP: 11/11 MP: 5/5
   102 | D:1      | Reached skill level 1 in Fighting
   132 | D:1      | Reached XP level 2. HP: 16/16 MP: 3/6
   136 | D:1      | Learned a level 2 spell: Slow
   409 | D:1      | Reached skill level 3 in Bows
   846 | D:2      | Found an ornate altar of the Wu Jian Council.
  1077 | D:2      | Reached XP level 3. HP: 13/20 MP: 1/7
  1775 | D:2      | Reached skill level 4 in Bows
  1990 | D:3      | Noticed Sigmund
  2113 | D:3      | Reached XP level 4. HP: 19/26 MP: 1/8
  2636 | D:4      | Found a staircase to the Ecumenical Temple.
  2644 | Temple   | Entered the Ecumenical Temple
  3166 | D:4      | Reached skill level 5 in Bows
  3166 | D:4      | Reached XP level 5. HP: 25/31 MP: 2/9
  3505 | D:4      | Noticed Grinder
  3531 | D:4      | Noticed an ogre
  3542 | D:5      | Entered Level 5 of the Dungeon
  3542 | D:5      | Found a shattered altar of Ashenzari.
  3560 | D:6      | Noticed a sky beast
  3561 | D:6      | Noticed a centaur
  3581 | D:6      | Killed a centaur
  3581 | D:6      | Reached skill level 1 in Evocations
  3883 | D:6      | Killed a sky beast
  3883 | D:6      | Reached skill level 6 in Bows
  3883 | D:6      | Reached XP level 6. HP: 11/36 MP: 0/10
  4108 | D:6      | Found a bloodstained altar of Trog.
  4116 | D:6      | Noticed Menkaure
  4132 | D:6      | HP: 2/55 [Menkaure (11)]
  4136 | D:6      | Mangled by Menkaure

Illustrated notes

Levels and vault maps discovered:
D:1:      dpeg_arrival_leaves_temple_mockup, layout_basic
D:2:      layout_basic, nicolae_overflow_crystal_walls
D:3:      layout_basic, first_ration, uniq_sigmund
D:4:      layout_basic, minmay_temple_entry_large_hall, nrook_campfire,
          hex_large, uniq_grinder
D:5:      layout_basic, vehumet_crystals, slow_altar_1,
          cheibrodos_ashenzari_chains, serial_shops, shop,
          kennysheep_generic_room_6, uniq_pikel
D:6:      layout_layer_cave, lemuel_coloured_pillars_altar, kennysheep_mini,
          patterned_corridor, uniq_eustachio, uniq_menkaure, uniq_prince_ribbit1
Temple:   dpeg_chambers_temple

Skill      XL: |  1  2  3  4  5  6 |
---------------+-------------------+-----
Fighting       | 1 2 3 |  3.0
Bows           | 3 4 5 6 |  6.1
Evocations     | 1 |  1.8
Dodging        | |  2.4
Spellcasting   | |  1.5
Hexes          | |  4.0

Action                   |  1- 3 |  4- 6 || total
-------------------------+-------+-------++-------
Melee: War axe           |    38 |    86 ||   124
 Fire: Shortbow          |    62 |    31 ||    93
Throw: Dart              |       |     3 ||     3
       Stone             |       |     1 ||     1
 Cast: Corona            |    35 |    41 ||    76
       Slow              |    12 |    22 ||    34
  Use: Potion            |       |    10 ||    10
       Scroll            |       |     1 ||     1
  Eat: Chunk             |     5 |     6 ||    11
       Ration            |       |     1 ||     1
Armor: Robe              |    18 |    10 ||    28
       Skin              |       |    18 ||    18
       Leather armour    |       |    31 ||    31
Dodge: Dodged            |    61 |    94 ||   155

Table legend:
 A = Non-vault XP
 B = Vault XP
 C = Vault XP percentage of total XP
 D = Non-vault monster count
 E = Vault monster count
 F = Vault count percentage of total count
                 A         B        C        D         E       F
            +---------+---------+-------+---------+---------+-------
      Total |     546 |       0 |   0.0 |      54 |       0 |   0.0
            +---------+---------+-------+---------+---------+-------
        D:1 |      18 |       0 |   0.0 |      12 |       0 |   0.0
        D:2 |      65 |       0 |   0.0 |      18 |       0 |   0.0
        D:3 |      85 |       0 |   0.0 |      13 |       0 |   0.0
        D:4 |      91 |       0 |   0.0 |       8 |       0 |   0.0
        D:6 |     287 |       0 |   0.0 |       3 |       0 |   0.0
            +---------+---------+-------+---------+---------+-------
